[Event "IIFL Wealth 4th Mumbai GM"]
[Site "Mumbai"]
[Date "2019.01.06"]
[Round "8"]
[White "Varga, Klara"]
[Black "Gandhi, Anish"]
[Result "1-0"]
[ECO "A22"]
[WhiteElo "2242"]
[BlackElo "2134"]
[Annotator "NA"]
[PlyCount "53"]
[EventDate "2018.12.30"]
[EventType "swiss"]
[EventCountry "IND"]
[SourceTitle "playchess.com"]
[Source "ChessBase"]
[SourceQuality "1"]
[TimeControl "40/5400+30:1800+30"]

1. c4 e5 2. Nc3 Nf6 3. g3 d5 4. cxd5 Nxd5 5. Bg2 Nb6 6. Nf3 Nc6 7. O-O Be7 8. a3 O-O 9. b4 Be6 10. Rb1 f6 11. d3 a5 12. b5 Nd4 13. Nd2 Nd5 14. Bxd5 Bxd5 15. e3 Nf5 16. e4 Be6 17. exf5 Bxf5 18. Nde4 Bh3 19. Re1 f5 20. Nd2 Qxd3 21. Qb3+ Kh8 22. Nd5 Qxb3 23. Rxb3 Bd6 24. Nc4 Rac8 25. Nxe5 Rce8 26. Bb2 b6 27. Nf4 1-0

[Event "IIFL Wealth 4th Mumbai GM"]
[Site "Mumbai"]
[Date "2019.01.06"]
[Round "8"]
[White "Wagh Suyog"]
[Black "Rebut, Paul"]
[Result "1-0"]
[ECO "A05"]
[WhiteElo "2240"]
[BlackElo "1740"]
[Annotator "NA"]
[PlyCount "49"]
[EventDate "2018.12.30"]
[EventType "swiss"]
[EventCountry "IND"]
[SourceTitle "playchess.com"]
[Source "ChessBase"]
[SourceQuality "1"]
[TimeControl "40/5400+30:1800+30"]

1. Nf3 Nf6 2. g3 g6 3. d4 d5 4. c4 c6 5. b3 Bg7 6. Bb2 O-O 7. Bg2 Nbd7 8. O-O Ne4 9. Nc3 Nxc3 10. Bxc3 Nf6 11. e3 Ne4 12. Bb2 Be6 13. Rc1 Qd7 14. Ne5 Bxe5 15. dxe5 Bh3 16. Qd4 Bxg2 17. e6 Nf6 18. exd7 Bxf1 19. Rxf1 Rfd8 20. g4 Rxd7 21. g5 dxc4 22. Qc3 Rd3 23. Qxc4 Rd2 24. Qc3 Rxb2 25. Qxb2 1-0

[Event "IIFL Wealth 4th Mumbai GM"]
[Site "Mumbai"]
[Date "2019.01.06"]
[Round "8"]
[White "Prraneeth Vuppala"]
[Black "Thipsay, Bagyashree Sathe"]
[Result "1-0"]
[ECO "A40"]
[WhiteElo "2228"]
[BlackElo "2028"]
[Annotator "NA"]
[PlyCount "51"]
[EventDate "2018.12.30"]
[EventType "swiss"]
[EventCountry "IND"]
[SourceTitle "playchess.com"]
[Source "ChessBase"]
[SourceQuality "1"]
[TimeControl "40/5400+30:1800+30"]

1. d4 e6 2. c4 f5 3. Nf3 Nf6 4. g3 d5 5. Bg2 c6 6. O-O Bd6 7. Nc3 O-O 8. Qc2 Ne4 9. Rb1 Nd7 10. b4 b5 11. cxb5 Nxc3 12. Qxc3 cxb5 13. Bg5 Qb6 14. Ne5 Nxe5 15. dxe5 Qc7 16. Qd3 Bxe5 17. Bxd5 Rb8 18. Bf3 h6 19. Rbc1 Qf7 20. Be3 Bf6 21. Qd6 Bd7 22. Rc7 Rbd8 23. Rd1 Be7 24. Qxd7 Rxd7 25. Rdxd7 Re8 26. Bc5 1-0

[Event "IIFL Wealth 4th Mumbai GM"]
[Site "Mumbai"]
[Date "2019.01.06"]
[Round "8"]
[White "Kurbonboeva, Sarvinoz"]
[Black "Saksham Rautela"]
[Result "1/2-1/2"]
[ECO "A62"]
[WhiteElo "2214"]
[BlackElo "2123"]
[Annotator "NA"]
[PlyCount "70"]
[EventDate "2018.12.30"]
[EventType "swiss"]
[EventCountry "IND"]
[SourceTitle "playchess.com"]
[Source "ChessBase"]
[SourceQuality "1"]
[TimeControl "40/5400+30:1800+30"]

1. d4 Nf6 2. Nf3 e6 3. c4 c5 4. d5 exd5 5. cxd5 d6 6. Nc3 g6 7. g3 Bg7 8. Bg2 O-O 9. O-O Re8 10. Nd2 Nbd7 11. h3 a6 12. a4 Rb8 13. Nc4 Nb6 14. Na3 Na8 15. Nc4 Nb6 16. Na3 Na8 17. Re1 Nc7 18. a5 Bd7 19. e4 Nb5 20. Nc4 Nxc3 21. bxc3 Bb5 22. Nxd6 Qxd6 23. Bf4 Qd8 24. Bxb8 Qxb8 25. f4 Nh5 26. Qf3 f6 27. Bf1 c4 28. Kh2 Bf8 29. Re2 Bd6 30. Rae1 Qc7 31. Bg2 Re7 32. Rf1 Re8 33. Rfe1 Ng7 34. h4 h6 35. Bh3 Re7 1/2-1/2

[Event "IIFL Wealth 4th Mumbai GM"]
[Site "Mumbai"]
[Date "2019.01.06"]
[Round "8"]
[White "Mrudul Dehankar"]
[Black "Raghunandan, Kaumandur Srihari"]
[Result "0-1"]
[ECO "E91"]
[WhiteElo "2199"]
[BlackElo "2378"]
[Annotator "NA"]
[PlyCount "124"]
[EventDate "2018.12.30"]
[EventType "swiss"]
[EventCountry "IND"]
[SourceTitle "playchess.com"]
[Source "ChessBase"]
[SourceQuality "1"]
[TimeControl "40/5400+30:1800+30"]

1. d4 Nf6 2. c4 g6 3. Nc3 Bg7 4. e4 O-O 5. Nf3 d6 6. Be2 Nbd7 7. O-O e5 8. Be3 c6 9. h3 Qe7 10. d5 {[%emt 0:06:00] E94: King's Indian: Classical: 6 Be2 e5 7 0-0: Various Black 7th moves} c5 11. Qd2 Ne8 12. Ne1 Kh8 $146 ({Predecessor:} 12... f5 13. exf5 gxf5 14. f4 e4 15. Nc2 Kh8 16. a3 Rg8 17. b4 Qh4 18. Rab1 Qxh3 19. Nxe4 Be5 20. Rf2 Bf6 21. Ng5 Qh4 22. g3 {1-0 (22) Steenlandt,A (1788)-Horie,T (1890) ICCF email 2013}) 13. Nc2 b6 14. Kh1 f5 15. exf5 gxf5 16. f4 Ndf6 17. Qe1 Bd7 18. Rd1 Rg8 19. Qf2 Qf7 20. Qh4 Qg6 21. Rg1 Bf8 22. Bf3 Rb8 23. Rd2 Be7 24. Qe1 Ng4 25. g3 Nxe3 26. Nxe3 Qh6 27. Rh2 exf4 28. gxf4 Rxg1+ 29. Kxg1 Bh4 30. Qe2 Qxf4 31. Rg2 Nf6 32. Nc2 Qc1+ 33. Kh2 Re8 34. Qd3 Qf4+ 35. Kg1 Qc1+ 36. Kh2 a6 37. b3 Qf4+ 38. Kg1 Qh6 39. Ne2 f4 40. Bg4 Nxg4 41. hxg4 Bf6 42. Qf3 Bg5 43. Nc1 Qg6 44. Nd3 Qf6 45. Rf2 Bh4 46. Rg2 Rf8 47. Nf2 b5 48. Ne4 Qe5 49. Kh1 Rg8 50. a3 bxc4 51. bxc4 Rxg4 52. Rxg4 Bxg4 53. Qxg4 Qxe4+ 54. Kg1 Qg6 55. Qxg6 hxg6 56. Kg2 Kg7 57. Kf3 g5 $19 58. Kg4 Kf6 59. Na1 Ke5 60. Nb3 Ke4 61. Nd2+ Kd3 62. Nf3 Kxc4 0-1

[Event "IIFL Wealth 4th Mumbai GM"]
[Site "Mumbai"]
[Date "2019.01.06"]
[Round "8"]
[White "Divya Deshmukh"]
[Black "Kulkarni, Vikramaditya"]
[Result "0-1"]
[ECO "C11"]
[WhiteElo "2190"]
[BlackElo "2345"]
[Annotator "NA"]
[PlyCount "76"]
[EventDate "2018.12.30"]
[EventType "swiss"]
[EventCountry "IND"]
[SourceTitle "playchess.com"]
[Source "ChessBase"]
[SourceQuality "1"]
[TimeControl "40/5400+30:1800+30"]

1. e4 e6 2. Nf3 d5 3. Nc3 Nf6 4. e5 Nfd7 5. d4 b6 6. Bf4 Be7 7. h4 c6 8. h5 h6 9. Qd2 a5 10. g4 b5 11. a4 b4 12. Ne2 c5 13. dxc5 Nxc5 14. Ng3 b3 15. Nd4 bxc2 16. Bb5+ Bd7 17. Qxc2 Nba6 18. Bd2 Rc8 19. O-O O-O 20. Qd1 Nb4 21. Qe2 f6 22. f4 fxe5 23. fxe5 Qb6 24. Be3 Qc7 25. Bxd7 Qxd7 26. g5 hxg5 27. Qg4 Ncd3 28. Qxe6+ Qxe6 29. Nxe6 Nc2 30. Nxf8 Nxe3 31. Ng6 Bc5 32. Kh1 Nxf1 33. Rxf1 Re8 34. b3 Nxe5 35. Re1 Bf2 36. Rxe5 Re7 37. Re6 Rxe6 38. Ne5 Rxe5 0-1

[Event "IIFL Wealth 4th Mumbai GM"]
[Site "Mumbai"]
[Date "2019.01.06"]
[Round "8"]
[White "Safranska, Anda"]
[Black "Thapa, Krishna"]
[Result "1-0"]
[ECO "A00"]
[WhiteElo "2189"]
[BlackElo "2024"]
[Annotator "NA"]
[PlyCount "87"]
[EventDate "2018.12.30"]
[EventType "swiss"]
[EventCountry "IND"]
[SourceTitle "playchess.com"]
[Source "ChessBase"]
[SourceQuality "1"]
[TimeControl "40/5400+30:1800+30"]

1. g3 g6 2. Bg2 Bg7 3. e4 c5 4. f4 Nc6 5. d3 d6 6. Nf3 Bg4 7. h3 Bxf3 8. Qxf3 e6 9. O-O Nge7 10. c3 O-O 11. Na3 d5 12. e5 Qb6 13. Nc2 Nf5 14. Qf2 Nfe7 15. Qe2 Nf5 16. Kh2 h5 17. Ne3 Nce7 18. Nxf5 Nxf5 19. g4 hxg4 20. hxg4 Nh6 21. Bf3 Kh7 22. Kg2 Rh8 23. Rh1 Kg8 24. Be3 Qc7 25. d4 b6 26. Rh3 Kf8 27. Rah1 Ke7 28. f5 gxf5 29. Bxh6 Bxh6 30. Rxh6 Rxh6 31. Rxh6 fxg4 32. Bxg4 Rg8 33. Kh3 cxd4 34. cxd4 Qc1 35. Rh4 Qh1+ 36. Qh2 Qf1+ 37. Qg2 Qd3+ 38. Qf3 Qb1 39. Rh6 Rf8 40. Bh5 Kd7 41. Rf6 Kc6 42. Rxf7 Rh8 43. Qc3+ Kb5 44. Qb3+ 1-0

[Event "IIFL Wealth 4th Mumbai GM"]
[Site "Mumbai"]
[Date "2019.01.06"]
[Round "8"]
[White "Subhayan Kundu"]
[Black "Srijit Paul"]
[Result "0-1"]
[ECO "B32"]
[WhiteElo "2185"]
[BlackElo "2298"]
[Annotator "NA"]
[PlyCount "32"]
[EventDate "2018.12.30"]
[EventType "swiss"]
[EventCountry "IND"]
[SourceTitle "playchess.com"]
[Source "ChessBase"]
[SourceQuality "1"]
[TimeControl "40/5400+30:1800+30"]

1. e4 c5 2. Nf3 Nc6 3. d4 cxd4 4. Nxd4 e5 5. Nb5 d6 6. a4 Be6 7. N1c3 a6 8. Na3 Rc8 9. Be3 Nf6 10. Nc4 Nd4 11. b3 d5 12. exd5 Bxd5 13. Bxd4 exd4 14. Qxd4 Bxc4 15. Qxd8+ Rxd8 16. Bxc4 Bb4 0-1

[Event "IIFL Wealth 4th Mumbai GM"]
[Site "Mumbai"]
[Date "2019.01.06"]
[Round "8"]
[White "Patil, Pratik"]
[Black "Sangma, Rahul"]
[Result "0-1"]
[ECO "C50"]
[WhiteElo "2178"]
[BlackElo "2289"]
[Annotator "NA"]
[PlyCount "100"]
[EventDate "2018.12.30"]
[EventType "swiss"]
[EventCountry "IND"]
[SourceTitle "playchess.com"]
[Source "ChessBase"]
[SourceQuality "1"]
[TimeControl "40/5400+30:1800+30"]

1. e4 e5 2. Nf3 Nc6 3. Bc4 Nf6 4. d3 Bc5 5. c3 d6 6. Bb3 Bb6 7. Nbd2 Nh5 8. Nc4 O-O 9. Bg5 Qe8 10. O-O Kh8 11. Nfxe5 Nxe5 12. Qxh5 Nxd3 13. Bc2 f6 14. Qxe8 Rxe8 15. Bxf6 Nc5 16. Bd4 Nxe4 17. Nxb6 axb6 18. Bxe4 Rxe4 19. Rae1 Bf5 20. f3 Ree8 21. Rxe8+ Rxe8 22. Kf2 Be6 23. Re1 Kg8 24. a3 g6 25. h4 Kf7 26. Re4 Ra8 27. Rf4+ Ke7 28. Re4 Kd7 29. g4 Rf8 30. Kg3 Bd5 31. Re3 Rf7 32. f4 c5 33. Bh8 h5 34. g5 Be6 35. Bf6 Bf5 36. Kf2 b5 37. Re1 Kc6 38. Re7 Rf8 39. Ke3 Ra8 40. Rf7 Ra4 41. Re7 b4 42. axb4 cxb4 43. cxb4 Rxb4 44. Bc3 Ra4 45. Kf3 Bg4+ 46. Kg3 d5 47. Be5 d4 48. Rc7+ Kb6 49. Kf2 d3 50. Ke3 Re4+ 0-1

[Event "IIFL Wealth 4th Mumbai GM"]
[Site "Mumbai"]
[Date "2019.01.06"]
[Round "8"]
[White "Surendran N"]
[Black "Pranav, V."]
[Result "1-0"]
[ECO "A47"]
[WhiteElo "2176"]
[BlackElo "2318"]
[Annotator "NA"]
[PlyCount "97"]
[EventDate "2018.12.30"]
[EventType "swiss"]
[EventCountry "IND"]
[SourceTitle "playchess.com"]
[Source "ChessBase"]
[SourceQuality "1"]
[TimeControl "40/5400+30:1800+30"]

1. d4 Nf6 2. Nf3 b6 3. Bf4 Bb7 4. e3 g6 5. Be2 Bg7 6. c4 d6 7. Nc3 Nh5 8. Bg5 h6 9. Bh4 g5 10. Bg3 Nxg3 11. hxg3 e6 12. Qc2 Nd7 13. d5 Qe7 14. Nb5 Nc5 15. Nfd4 a6 16. Nc3 O-O-O 17. b4 Nd7 18. O-O Bxd4 19. exd4 e5 20. Rfe1 h5 21. c5 dxc5 22. bxc5 bxc5 23. dxe5 Rh6 24. Rab1 Nb6 25. d6 Qe8 26. Ne4 Qxe5 27. Nxc5 Qxd6 28. Nxb7 Kxb7 29. Bf3+ Kc8 30. Rbd1 Qf8 31. Qf5+ Re6 32. Rxe6 fxe6 33. Qxe6+ Kb8 34. Rb1 Rd6 35. Qe4 Kc8 36. Bxh5 Rd2 37. Bf3 Qf6 38. Rc1 Kd8 39. Re1 Qf8 40. Qe3 Rxa2 41. Rd1+ Kc8 42. Qe6+ Kb8 43. Qxa2 g4 44. Bxg4 Qg7 45. Bf3 Qf6 46. Qxa6 c6 47. Qxb6+ Kc8 48. Bg4+ Qe6 49. Rd8# 1-0

[Event "IIFL Wealth 4th Mumbai GM"]
[Site "Mumbai"]
[Date "2019.01.06"]
[Round "8"]
[White "Deshpande, Aniruddha"]
[Black "Ameir, Moheb"]
[Result "1-0"]
[ECO "E62"]
[WhiteElo "2167"]
[BlackElo "2327"]
[Annotator "NA"]
[PlyCount "52"]
[EventDate "2018.12.30"]
[EventType "swiss"]
[EventCountry "IND"]
[SourceTitle "playchess.com"]
[Source "ChessBase"]
[SourceQuality "1"]
[TimeControl "40/5400+30:1800+30"]

1. d4 Nf6 2. c4 g6 3. g3 Bg7 4. Bg2 O-O 5. Nc3 d6 6. Nf3 Nc6 7. O-O Bf5 8. Bg5 Ne4 9. Nxe4 Bxe4 10. d5 Bxf3 11. exf3 Nd4 12. Re1 Re8 13. Re4 c5 14. dxc6 Nxc6 15. Qd2 Qc7 16. Rd1 a6 17. Bh6 Bh8 18. h4 Ne5 19. b3 b5 20. Qe2 Rab8 21. f4 Nc6 22. f5 Be5 23. cxb5 Rxb5 24. Rc4 Rc5 25. Rxc5 dxc5 26. Bxc6 Qd8 1-0

[Event "IIFL Wealth 4th Mumbai GM"]
[Site "Mumbai"]
[Date "2019.01.06"]
[Round "8"]
[White "Sekar, B."]
[Black "Bhambure, Shantanu"]
[Result "1/2-1/2"]
[ECO "C84"]
[WhiteElo "2137"]
[BlackElo "2223"]
[Annotator "NA"]
[PlyCount "74"]
[EventDate "2018.12.30"]
[EventType "swiss"]
[EventCountry "IND"]
[SourceTitle "playchess.com"]
[Source "ChessBase"]
[SourceQuality "1"]
[TimeControl "40/5400+30:1800+30"]

1. e4 e5 2. Nf3 Nc6 3. Bb5 a6 4. Ba4 Nf6 5. O-O Be7 6. d3 b5 7. Bb3 d6 8. a4 Bd7 9. c3 O-O 10. Bc2 Bg4 11. h3 Bh5 12. Nbd2 Qd7 13. Re1 d5 14. exd5 Qxd5 15. Qe2 Bc5 16. Ne4 Be7 17. Ned2 Bc5 18. Bb3 Qd7 19. Ne4 Be7 20. Nxf6+ Bxf6 21. Nxe5 Nxe5 22. Qxh5 g6 23. Qe2 Nxd3 24. Rd1 Nxc1 25. Raxc1 Qe7 26. Qf3 Be5 27. Re1 bxa4 28. Bxa4 Qf6 29. Qe4 Bd6 30. Re3 Qf4 31. g3 Qxe4 32. Rxe4 Rab8 33. b3 Kg7 34. Kg2 Kg8 35. Kg1 Kg7 36. Kg2 Kg8 37. Kg1 Kg7 1/2-1/2

[Event "IIFL Wealth 4th Mumbai GM"]
[Site "Mumbai"]
[Date "2019.01.06"]
[Round "8"]
[White "Snehal, Bhosale"]
[Black "Nepal, Prakash"]
[Result "1-0"]
[ECO "D12"]
[WhiteElo "2135"]
[BlackElo "1902"]
[Annotator "NA"]
[PlyCount "93"]
[EventDate "2018.12.30"]
[EventType "swiss"]
[EventCountry "IND"]
[SourceTitle "playchess.com"]
[Source "ChessBase"]
[SourceQuality "1"]
[TimeControl "40/5400+30:1800+30"]

1. d4 d5 2. c4 c6 3. Nf3 Nf6 4. e3 Bf5 5. Nc3 e6 6. Be2 Nbd7 7. O-O Bd6 8. b3 O-O 9. Bb2 Re8 10. Rc1 Ne4 11. Nxe4 Bxe4 12. Nd2 Bg6 13. Bf3 Nf6 14. g3 Bc7 15. Qe2 e5 16. dxe5 Bxe5 17. Bxe5 Rxe5 18. cxd5 Nxd5 19. Nc4 Re7 20. Rfd1 Be4 21. Bxe4 Rxe4 22. Qc2 Qe7 23. f3 Re6 24. e4 Nb6 25. Ne3 Qf6 26. Kg2 h5 27. a4 Rd8 28. a5 Nd7 29. f4 b6 30. e5 Qe7 31. Nf5 Qe8 32. Nd4 Rg6 33. Nxc6 Ra8 34. Qe4 Nc5 35. Ne7+ Kh7 36. Rxc5 Qxe7 37. Rcd5 Rf8 38. Rd6 bxa5 39. Qd3 Qb7+ 40. Kg1 f5 41. Rxg6 Kxg6 42. Qd6+ Kf7 43. e6+ Kg8 44. e7 Re8 45. Qe6+ Kh7 46. Rd8 Rxe7 47. Qg8+ 1-0

[Event "IIFL Wealth 4th Mumbai GM"]
[Site "Mumbai"]
[Date "2019.01.06"]
[Round "8"]
[White "Soham Datar"]
[Black "Sarwat, Walaa"]
[Result "1-0"]
[ECO "A09"]
[WhiteElo "2134"]
[BlackElo "2276"]
[Annotator "NA"]
[PlyCount "151"]
[EventDate "2018.12.30"]
[EventType "swiss"]
[EventCountry "IND"]
[SourceTitle "playchess.com"]
[Source "ChessBase"]
[SourceQuality "1"]
[TimeControl "40/5400+30:1800+30"]

1. Nf3 d5 2. c4 dxc4 3. Qa4+ Nd7 4. Qxc4 Ngf6 5. d4 a6 6. Bf4 c5 7. dxc5 Qa5+ 8. b4 Qd8 9. Nc3 e6 10. e4 b5 11. Qb3 Bb7 12. Qc2 Rc8 13. Rd1 Bxc5 14. bxc5 Rxc5 15. Qd2 b4 16. Na4 Nxe4 17. Qxd7+ Qxd7 18. Rxd7 Kxd7 19. Nxc5+ Nxc5 20. Bc4 Bd5 21. O-O Bxc4 22. Ne5+ Ke7 23. Nxc4 Rc8 24. Bd6+ Ke8 25. Be5 Ne4 26. Ne3 f6 27. Bb2 Nc3 28. Bxc3 Rxc3 29. Rd1 a5 30. Kf1 f5 31. Rd2 f4 32. Nd1 Ra3 33. f3 g5 34. Ke2 Kf7 35. Nf2 h5 36. Nd3 Kf6 37. h4 e5 38. hxg5+ Kxg5 39. Kf2 Kf6 40. Nc5 Ke7 41. Kg1 Rc3 42. Ne4 Ra3 43. Kh2 Kf8 44. Nc5 Re3 45. Rd8+ Ke7 46. Rd7+ Kf6 47. Rd6+ Kf7 48. Rd2 Rc3 49. Ne4 Rc1 50. Rd5 a4 51. Ra5 a3 52. Rb5 Rb1 53. Nd2 Rb2 54. Nc4 b3 55. axb3 a2 56. Ra5 Re2 57. Nd6+ Kg6 58. Ne4 Rc2 59. Ra6+ Kg7 60. b4 h4 61. b5 Rb2 62. b6 Kg6 63. b7+ Kh5 64. Rxa2 Rxb7 65. Ra5 Re7 66. Kh3 Re6 67. Ra8 Rb6 68. Rh8+ Kg6 69. Rxh4 Rb2 70. Rg4+ Kf5 71. Rg5+ Ke6 72. Kh4 Rb6 73. Kg4 Rb2 74. Rg6+ Kd5 75. Rd6+ Kc4 76. Rd2 {[%emt 0:00:33] Kd5} 1-0

[Event "IIFL Wealth 4th Mumbai GM"]
[Site "Mumbai"]
[Date "2019.01.06"]
[Round "8"]
[White "Vatsal Singhania"]
[Black "Ziatdinov, Raset"]
[Result "1/2-1/2"]
[ECO "B32"]
[WhiteElo "2130"]
[BlackElo "2252"]
[Annotator "NA"]
[PlyCount "120"]
[EventDate "2018.12.30"]
[EventType "swiss"]
[EventCountry "IND"]
[SourceTitle "playchess.com"]
[Source "ChessBase"]
[SourceQuality "1"]
[TimeControl "40/5400+30:1800+30"]

1. e4 c5 2. Nf3 Nc6 3. d4 cxd4 4. Nxd4 e5 5. Nb5 a6 6. Nd6+ Bxd6 7. Qxd6 Qf6 8. Qd1 Qg6 9. Nc3 Nf6 10. Qd6 Ng4 {B32: Sicilian: Löwenthal and Kalashnikov Variations} (10... Qg4 11. Be3 Nxe4 12. Nxe4 Qxe4 13. O-O-O Qh4 14. f4 Qe7 15. fxe5 Qxd6 16. exd6 O-O 17. Bb6 Nd8 18. Bc4 {1-0 (38) Karshiev,S (2217)-Kholmirzaev,B (2355) Tashkent 2017}) 11. Qxg6 hxg6 12. Nd5 Rb8 13. h3 Nf6 14. Nxf6+ $146 ({Predecessor:} 14. Bd3 Nxd5 15. exd5 Nb4 16. Be4 d6 17. Bd2 a5 18. a3 {1-0 (50) Cupic,L (2062)-Jerkovic,M (1864) Topusko 2012}) 14... gxf6 15. Be3 b6 16. O-O-O Ke7 17. Rd3 f5 18. exf5 gxf5 19. g3 Nb4 20. Rb3 Nd5 21. Bc5+ d6 22. Ba3 Be6 23. Bg2 Nc7 24. Rd3 Nb5 25. Rhd1 Rhd8 26. Bc6 Nxa3 27. Rxa3 a5 28. Bd5 Bxd5 29. Rxd5 Ke6 30. Rb5 Rh8 31. h4 f4 32. gxf4 Rxh4 33. fxe5 dxe5 34. Kd2 Kf5 35. Ke2 Rc4 36. Raxa5 Re4+ 37. Kf1 Rd8 38. Rxb6 Rd1+ 39. Kg2 Rg4+ 40. Kf3 Rf4+ 41. Ke2 Rc1 42. f3 Rxc2+ 43. Ke3 f6 44. Raa6 Kg5 45. Ra8 Rh2 46. Rg8+ Kf5 47. Rf8 Kg6 48. Rg8+ Kf5 49. Rg3 Rd4 50. Rg1 $1 Rdd2 51. Re1 Rxb2 52. Rxb2 Rxb2 53. Ra1 Ke6 54. a4 Rb3+ 55. Kf2 Kd6 56. a5 Kc7 $11 57. a6 Kb8 58. a7+ Ka8 59. Ra5 Rc3 60. Ke2 Rb3 1/2-1/2

[Event "IIFL Wealth 4th Mumbai GM"]
[Site "Mumbai"]
[Date "2019.01.06"]
[Round "8"]
[White "Mahindrakar Indrajeet"]
[Black "Elgabry, Mohsen"]
[Result "1-0"]
[ECO "B06"]
[WhiteElo "2106"]
[BlackElo "2305"]
[Annotator "ChessBase"]
[PlyCount "123"]
[EventDate "2018.12.30"]
[EventType "swiss"]
[EventCountry "IND"]
[SourceTitle "playchess.com"]
[Source "ChessBase"]
[SourceQuality "1"]
[TimeControl "40/5400+30:1800+30"]

1. e4 g6 2. d4 Bg7 3. Nf3 d6 4. Bc4 Nf6 5. Qe2 c6 6. Bb3 O-O 7. h3 a5 8. a4 Nbd7 9. O-O e6 10. Re1 d5 11. Nbd2 b6 12. e5 Ne8 13. Nf1 Ba6 14. Qd1 Bxf1 15. Rxf1 f5 16. Bg5 Qb8 17. c4 Qb7 18. cxd5 cxd5 19. Qd2 Nc7 20. Rfc1 Rfc8 21. Rc3 Bf8 22. Rc2 Na6 23. Rac1 Nb4 24. Rc3 Rc6 25. h4 Rac8 26. h5 Na6 27. hxg6 hxg6 28. Qe2 Ndb8 29. Nh4 Rxc3 30. bxc3 Qh7 31. Qe3 Rc6 32. g3 Nc7 33. c4 Nba6 34. cxd5 Rxc1+ 35. Qxc1 exd5 36. Qc6 Qf7 37. Qxb6 Nb4 38. Qxa5 Ne6 39. Nf3 f4 40. g4 Nxg5 41. Nxg5 Qd7 42. f3 Be7 43. Ne4 Qc6 44. Nc5 Bxc5 45. dxc5 Na6 46. Qd8+ Kg7 47. Qxd5 Qxc5+ 48. Qxc5 Nxc5 49. a5 Nxb3 50. a6 Nd4 51. a7 Nxf3+ 52. Kf2 Nxe5 53. a8=Q Kf6 54. Qh8+ Ke6 55. g5 Kf5 56. Ke2 Ke4 57. Qh1+ Kf5 58. Qd5 f3+ 59. Ke3 f2 60. Kxf2 Kf4 61. Qd4+ Kf5 62. Kg3 1-0

[Event "IIFL Wealth 4th Mumbai GM"]
[Site "Mumbai"]
[Date "2019.01.06"]
[Round "8"]
[White "Kavinda, Akila"]
[Black "Balasubramaniam H"]
[Result "1-0"]
[ECO "A05"]
[WhiteElo "2092"]
[BlackElo "2270"]
[Annotator "NA"]
[PlyCount "69"]
[EventDate "2018.12.30"]
[EventType "swiss"]
[EventCountry "IND"]
[SourceTitle "playchess.com"]
[Source "ChessBase"]
[SourceQuality "1"]
[TimeControl "40/5400+30:1800+30"]

1. Nf3 Nf6 2. c4 g6 3. b3 Bg7 4. Bb2 O-O 5. g3 d6 6. d4 e5 7. dxe5 Nfd7 8. Bg2 dxe5 9. Nc3 Nc6 10. Qc1 Nd4 11. O-O Nxf3+ 12. Bxf3 Re8 13. Rd1 f5 14. e4 c6 15. Ba3 Qf6 16. Rd6 Qf7 17. exf5 gxf5 18. Qg5 Nf6 19. Rad1 h6 20. Qh4 Be6 21. Bc1 Qg6 22. Na4 Bf8 23. Nc5 Bxd6 24. Rxd6 Kf7 25. Nxb7 e4 26. Be2 Rab8 27. Na5 e3 28. Bxe3 f4 29. Qxf4 Rbd8 30. Rxd8 Rxd8 31. Nxc6 Qb1+ 32. Kg2 Rf8 33. Bh5+ Kg8 34. Ne7+ Kh8 35. Qxh6+ 1-0

[Event "IIFL Wealth 4th Mumbai GM"]
[Site "Mumbai"]
[Date "2019.01.06"]
[Round "8"]
[White "Nayem, Haque"]
[Black "Arya Nirag Shah"]
[Result "1/2-1/2"]
[ECO "B50"]
[WhiteElo "2083"]
[BlackElo "1812"]
[Annotator "NA"]
[PlyCount "56"]
[EventDate "2018.12.30"]
[EventType "swiss"]
[EventCountry "IND"]
[SourceTitle "playchess.com"]
[Source "ChessBase"]
[SourceQuality "1"]
[TimeControl "40/5400+30:1800+30"]

1. e4 c5 2. Nf3 d6 3. Nc3 Nf6 4. Be2 g6 5. O-O Bg7 6. d3 O-O 7. h3 Nc6 8. Bf4 a6 9. a4 Nd4 10. Nxd4 cxd4 11. Nb1 Qb6 12. Bc1 Be6 13. Na3 Qc6 14. a5 Nd7 15. b3 Rfc8 16. Nc4 Bxc4 17. bxc4 e6 18. Rb1 Rab8 19. Bd2 Nc5 20. Bf3 Qc7 21. g3 Na4 22. Rb3 Nc5 23. Rb1 Na4 24. Rb3 Nc5 25. Rb1 Na4 26. Rb3 Nc5 27. Rb1 Na4 28. Rb3 Nc5 1/2-1/2

[Event "IIFL Wealth 4th Mumbai GM"]
[Site "Mumbai"]
[Date "2019.01.06"]
[Round "8"]
[White "Md.abzid, Rahman"]
[Black "Mehdi Hasan Parag"]
[Result "0-1"]
[ECO "D38"]
[WhiteElo "2040"]
[BlackElo "2218"]
[Annotator "NA"]
[PlyCount "80"]
[EventDate "2018.12.30"]
[EventType "swiss"]
[EventCountry "IND"]
[SourceTitle "playchess.com"]
[Source "ChessBase"]
[SourceQuality "1"]
[TimeControl "40/5400+30:1800+30"]

1. d4 Nf6 2. c4 e6 3. Nf3 d5 4. Nc3 Bb4 5. Qc2 O-O 6. e3 c5 7. dxc5 Bxc5 8. a3 Nc6 9. b4 Bd6 10. Bb2 Qe7 11. Bd3 dxc4 12. Bxc4 Bd7 13. Nb5 Bb8 14. Ng5 Be5 15. Nd4 Nxd4 16. exd4 Bf4 17. Ne4 Rac8 18. Nxf6+ Qxf6 19. Qe2 Qh6 20. g3 Bc6 21. O-O a6 22. Bd3 Bb8 23. h4 Bd5 24. a4 f5 25. f4 Qf6 26. Kh2 g6 27. b5 a5 28. Ba3 Rfd8 29. Bc5 Bxf4 30. Kh3 Bc7 31. Rac1 b6 32. Ba3 g5 33. Qh5 g4+ 34. Kh2 Qg6 35. Rxf5 exf5 36. Qxf5 Qxf5 37. Bxf5 Bd6 38. Bxc8 Bxa3 39. Rc7 Bd6 40. Rc3 h5 0-1

[Event "IIFL Wealth 4th Mumbai GM"]
[Site "Mumbai"]
[Date "2019.01.06"]
[Round "8"]
[White "Chowdhury, Sohel"]
[Black "Banerjee, Sushant"]
[Result "1/2-1/2"]
[ECO "B01"]
[WhiteElo "2012"]
[BlackElo "2198"]
[Annotator "NA"]
[PlyCount "149"]
[EventDate "2018.12.30"]
[EventType "swiss"]
[EventCountry "IND"]
[SourceTitle "playchess.com"]
[Source "ChessBase"]
[SourceQuality "1"]
[TimeControl "40/5400+30:1800+30"]

1. e4 d5 2. exd5 Nf6 3. Bb5+ Nbd7 4. Nc3 a6 5. Be2 Nb6 6. Nf3 {[%emt 0:01:38] B01: Scandinavian Defence} (6. d4 g6 7. Nf3 Bg7 8. O-O O-O 9. Bf4 Nfxd5 10. Nxd5 Nxd5 11. Be5 Bh6 12. Re1 Bf5 13. Bd3 Qd7 {0-1 (49) Liu,G (2459)-Zeng,C (2542) Xinghua 2018}) 6... Nfxd5 7. Nxd5 Qxd5 8. d4 Bg4 9. h3 $146 ({Predecessor:} 9. c3 e6 10. Qb3 Qxb3 11. axb3 Be7 12. h3 Bf5 13. Bf4 Nd5 {0-1 (62) Janousek,P (2176)-Vojta,T (2369) Tatranske Zruby 2010}) 9... Bh5 10. O-O e6 11. b3 Rd8 12. c4 Qe4 13. Bb2 Be7 14. Re1 O-O 15. Ng5 Bxe2 16. Nxe4 Bxd1 17. Raxd1 Rfe8 18. Re3 f5 19. Nc3 Bf6 20. Red3 Nd7 21. Ba3 Rb8 22. Bc1 b5 23. cxb5 axb5 24. Bf4 Rb7 25. a4 bxa4 26. Nxa4 g5 27. Be3 Reb8 28. Rb1 f4 29. Bd2 Rb5 30. g3 fxg3 31. Rxg3 Kf7 32. Rf3 Kg6 33. Rc1 R8b7 34. Rc6 Rf5 35. Rxf5 Kxf5 36. Be3 h5 37. Kg2 h4 38. Nc5 Nxc5 39. Rxc5+ Kg6 40. Rc6 Kf7 41. Kf3 Ke7 42. Kg4 Kd7 43. d5 Rb4+ 44. Kf3 Rxb3 45. Rxe6 Be7 46. Rg6 Ke8 47. Ke4 Kf7 48. Rc6 Bd6 49. Kf5 Rb5 50. Kxg5 Rxd5+ 51. Kxh4 Ke6 52. Kg4 Ra5 53. Bg5 Ra2 54. f4 Rg2+ 55. Kf3 Rh2 56. Kg3 Rh1 57. h4 Kf5 58. Rc4 Rg1+ 59. Kf3 Rf1+ 60. Kg2 Rb1 61. h5 Kg4 62. h6 Rb2+ 63. Kf1 $11 Rh2 64. Kg1 Rh3 65. Kg2 Rg3+ 66. Kf2 Rh3 67. Ke2 Kf5 68. Kf2 Kg4 69. Kg2 Rg3+ 70. Kf1 Rh3 71. Rd4 Bf8 72. Kg2 Rh5 73. Rd7 Bxh6 74. Rxc7 Bxg5 75. fxg5 1/2-1/2